 Dungeon Crawl Stone Soup version 0.29.0-4-gdea44cf6ec (webtiles) character file.

Game seed: 15929855913823982161

5415 qw the Grappler (level 10, 0/96 HPs)
             Began as a Troll Cinder Acolyte on Aug 31, 2022.
             Was a Priest of Ignis.
             Killed from afar by an electric eel (10 damage)
             ... with a bolt of electricity
             ... on level 9 of the Dungeon.
             The game lasted 00:04:10 (6484 turns).

qw the Grappler (Troll Cinder Acolyte)              Turns: 6484, Time: 00:04:11

Health: 0/96       AC: 14    Str: 28    XL:     10   Next: 40%
Magic:  10/10      EV:  9    Int: 10    God:    Ignis [***...]
Gold:   441        SH:  0    Dex:  5    Spells: 11/11 levels left

rFire   + . .      SeeInvis .     - Unarmed
rCold   . . .      Faith    .   (no shield)
rNeg    . . .      Spirit   .   a - +0 robe
rPois   +          Reflect  .   (helmet restricted)
rElec   .          Harm     .   c - +2 cloak
rCorr   .          Rampage  .   (gloves unavailable)
Will    .....                   (boots unavailable)
Stlth   +.........              e - amulet of the acrobat
HPRegen 1.06/turn               h - ring of poison resistance
MPRegen 0.12/turn               (no ring)

@: about to teleport, fiery-armoured
A: large, unfitting armour, claws 3, regeneration 1, shaggy fur 1, tough skin 1
a: Renounce Religion, Fiery Armour, Foxfire Swarm, Rising Flame


You were on level 9 of the Dungeon.
You worshipped Ignis.
Ignis was most pleased with you.
You visited 1 branch of the dungeon, and saw 9 of its levels.

You collected 441 gold pieces.


Innate Abilities, Weirdness & Mutations

You are too large for most types of armour.
You have claws for hands.
Your natural rate of healing is unusually fast.
You are covered in fur. (AC +1)
You have tough skin. (AC +1)


   Skills:
 + Level 5.0 Fighting
 - Level 1.1 Throwing
 - Level 2.9 Armour
 - Level 1.5 Dodging
 - Level 14.0 Unarmed Combat
 - Level 1.0 Spellcasting
 - Level 2.1 Fire Magic


You had 11 spell levels left.
You didn't know any spells.
Your spell library contained the following spells:

 Spells                   Type           Power      Damage    Failure   Level
 Scorch                   Fire           8%         2d5       22%         2

Inventory:

Armour
 a - a +0 robe (worn)
 c - a +2 cloak (worn)
Jewellery
 e - an amulet of the acrobat (around neck)
 f - an amulet of guardian spirit
 h - a ring of poison resistance (left claw)
Scrolls
 d - 2 scrolls of identify
 l - 2 scrolls of teleportation
Potions
 b - 2 potions of haste
 g - 4 potions of curing
 i - a potion of might

Dungeon Overview and Level Annotations

Branches:
Dungeon (9/15)             Temple (0/1) D:5
   Lair: D:8-11         Orc: D:9-12

Altars:
Cheibriados
Fedhas
Sif Muna
Trog
Uskayaw

Shops:
D:1 =   D:5 (

Annotations:
D:4 1 runed translucent door, qw's ghost, novice TeWr


Message History

The electric eel completely resists.
The bolt of electricity hits you.
You scratch the electric eel.
The electric eel is lightly wounded.
The electric eel shoots out a bolt of lightning at you!
The bolt of electricity hits you!
The electric eel shoots out a bolt of lightning at you!
The bolt of electricity hits the electric eel.
The electric eel completely resists.
The bolt of electricity hits you.
An electric eel comes into view.
You scratch the electric eel.
The electric eel is lightly wounded.
The electric eel shoots out a bolt of lightning at you!
The bolt of electricity hits the electric eel.
The electric eel completely resists.
The bolt of electricity hits you.
The electric eel shoots out a bolt of lightning at you!
The bolt of electricity hits you!
The electric eel shoots out a bolt of lightning at you!
The bolt of electricity hits the electric eel.
The electric eel completely resists.
The bolt of electricity hits you!
6481 ||| READING 3 scrolls of teleportation.
As you read the scroll of teleportation, it crumbles to dust.
You feel strangely unstable.
The electric eel shoots out a bolt of lightning at you!
The bolt of electricity hits you!
You mangle the electric eel!!
You kill the electric eel!
The wolf bites you but does no damage.
The wolf is burned by your cloak of flames.
The wolf is lightly wounded.
You scratch the wolf.
The wolf is lightly wounded.
The wolf barely misses you. The wolf bites you but does no damage.
The wolf is burned by your cloak of flames.
The wolf is lightly wounded.
You barely miss the wolf.
The wolf is lightly wounded.
The wolf barely misses you. x2
The electric eel shoots out a bolt of lightning at you!
The bolt of electricity hits you!
You die...

######...###
#....(.....#
#<(.#.####
##.......# ##
#.##.##.#
...######%##.#
.#
..........##.#
.#
..........##.#
.#
~.~~)..@..##.#
.#
~.~~~~~hh!##..
.#
S.~~~.~....###
.#
S.~~~~...).#
S.~~~.....$#
~.~~.~~....#
~...~~~....#
...~~~~~....


You could see 2 wolves and 3 electric eels.

Vanquished Creatures
  2 two-headed ogres
  A komodo dragon (D:5)
  A troll (D:8)
  A hornet (D:8)
  Grum (D:8)
  An acid dragon (D:8)
  An orc warrior (D:7)
  2 ice beasts
  An ogre (D:4)
  4 black bears
  5 wolves
  A centaur (D:8)
  A phantom (D:7)
  A kobold brigand (D:8)
  3 necrophages
  4 bullfrogs
  A gnoll sergeant (D:8)
  4 wights (D:6)
  A howler monkey (D:6)
  A vampire bat (D:3)
  An electric eel (D:9)
  8 crimson imps (D:7)
  3 orc priests
  6 hounds
  3 jellies
  Jessica (D:2)
  3 iguanas
  2 orc wizards
  4 gnolls (D:8)
  9 adders
  A river rat (D:5)
  2 shadow imps
  2 white imps
  An ufetubus (D:4)
  4 worms
  3 dart slugs
  3 fire bats (D:3)
  17 orcs
  2 spectral bats (D:3)
  3 bat skeletons (D:3)
  A bat zombie (D:3)
  9 endoplasms
  4 giant cockroaches
  6 goblins
  7 hobgoblins
  5 jackals
  18 kobolds
  5 quokkas
  13 ball pythons
  14 bats
  A bat simulacrum (D:3)
  5 frilled lizards
  12 rats
215 creatures vanquished.

Vanquished Creatures (others)
  2 withered plants (D:4)
2 creatures vanquished.

Grand Total: 217 creatures vanquished

Notes
Turn   | Place    | Note
-------+----------+-------------------------------------------
     0 | D:1      | qw the Troll Cinder Acolyte began the quest for the Orb.
     0 | D:1      | Reached XP level 1. HP: 22/22 MP: 1/1
     0 | D:1      | 0 ||| qw: Version: 0.1-a-97-g2dd2ca4
     0 | D:1      | 0 ||| qw: Game counter: 4505
     0 | D:1      | 0 ||| qw: Always use a shield: true
     0 | D:1      | 0 ||| qw: God list: Okawaru
     0 | D:1      | 0 ||| qw: Allow faded altars: false
     0 | D:1      | 0 ||| qw: Do Orc after D:15 true
     0 | D:1      | 0 ||| qw: Do second Lair branch before Depths: true
     0 | D:1      | 0 ||| qw: Lair rune preference: random
     0 | D:1      | 0 ||| qw: Plans: Normal
     0 | D:1      | 0 ||| PLANNING D:1-11
    15 | D:1      | Found Aroab's Jewellery Emporium.
    18 | D:1      | 18 ||| SHOPLISTING +6 ring of strength (396 gold, have 0).
    18 | D:1      | 18 ||| SHOPLISTING amulet of guardian spirit (330 gold,
                  | have 0).
    18 | D:1      | 18 ||| SHOPLISTING amulet of regeneration (330 gold, have
                  | 0).
    18 | D:1      | 18 ||| SHOPLISTING amulet of the acrobat (330 gold, have
                  | 0).
    18 | D:1      | 18 ||| SHOPLISTING ring of poison resistance (220 gold,
                  | have 0).
    18 | D:1      | 18 ||| SHOPLISTING ring of resist corrosion (220 gold, have
                  | 0).
    18 | D:1      | 18 ||| SHOPLISTING ring of willpower (275 gold, have 0).
   128 | D:1      | Reached XP level 2. HP: 29/29 MP: 2/2
   138 | D:1      | 138 ||| Stepping ~*~*~tactically~*~*~ (stealth).
   203 | D:1      | 203 ||| Stepping ~*~*~tactically~*~*~ (stealth).
   205 | D:1      | 205 ||| Stepping ~*~*~tactically~*~*~ (stealth).
   206 | D:1      | 206 ||| Stepping ~*~*~tactically~*~*~ (stealth).
   251 | D:1      | Reached skill level 4 in Unarmed Combat
   274 | D:1      | Found a faded altar of an unknown god.
   504 | D:1      | Reached XP level 3. HP: 36/36 MP: 3/3
   645 | D:1      | 645 ||| DROPPING orb of light.
   646 | D:1      | 646 ||| READING scroll labelled PUVUEKA VYUD.
   647 | D:1      | 647 ||| READING scroll labelled EXOIDOUXZOMM.
   648 | D:1      | 648 ||| READING scroll labelled WUSHRAJ TETU.
   649 | D:1      | 649 ||| READING scroll labelled HONAMMIDUI.
   650 | D:1      | 650 ||| DRINKING 2 cyan potions.
   651 | D:1      | 651 ||| DROPPING potion of attraction.
   714 | D:2      | Noticed Jessica
   722 | D:2      | Killed Jessica
   750 | D:2      | Reached XP level 4. HP: 44/44 MP: 4/4
   805 | D:2      | Reached skill level 5 in Unarmed Combat
   818 | D:2      | Found a snail-covered altar of Cheibriados.
   845 | D:2      | 845 ||| Stepping ~*~*~tactically~*~*~ (hiding).
   849 | D:2      | 849 ||| Stepping ~*~*~tactically~*~*~ (hiding).
   893 | D:2      | 893 ||| Stepping ~*~*~tactically~*~*~ (stealth).
   908 | D:2      | 908 ||| FLEEEEING.
   909 | D:2      | 909 ||| FLEEEEING.
  1061 | D:2      | 1061 ||| Stepping ~*~*~tactically~*~*~ (stealth).
  1249 | D:2      | 1249 ||| UPGRADING to amulet of the acrobat.
  1254 | D:2      | 1254 ||| UPGRADING to ring of poison resistance.
  1255 | D:2      | 1255 ||| READING scroll labelled VITIYRU NECANG.
  1256 | D:2      | 1256 ||| READING scroll labelled ZIUBEN ZUHUI.
  1257 | D:2      | 1257 ||| READING 2 scrolls labelled VUXOQI HAIT.
  1262 | D:2      | 1262 ||| READING scroll labelled IQAORPHO ESTEK.
  1263 | D:2      | 1263 ||| DRINKING 2 fuming golden potions.
  1318 | D:3      | 1318 ||| Stepping ~*~*~tactically~*~*~ (stealth).
  1356 | D:3      | 1356 ||| Stepping ~*~*~tactically~*~*~ (stealth).
  1360 | D:3      | 1360 ||| Stepping ~*~*~tactically~*~*~ (outnumbered).
  1362 | D:3      | 1362 ||| Stepping ~*~*~tactically~*~*~ (outnumbered).
  1510 | D:3      | 1510 ||| Stepping ~*~*~tactically~*~*~ (stealth).
  1513 | D:3      | 1513 ||| Stepping ~*~*~tactically~*~*~ (outnumbered).
  1586 | D:3      | 1586 ||| Stepping ~*~*~tactically~*~*~ (stealth).
  1812 | D:3      | Reached XP level 5. HP: 49/50 MP: 5/5
  1835 | D:3      | 1835 ||| Stepping ~*~*~tactically~*~*~ (outnumbered).
  1844 | D:3      | Reached skill level 6 in Unarmed Combat
  1865 | D:3      | 1865 ||| Stepping ~*~*~tactically~*~*~ (stealth).
  1871 | D:3      | Reached skill level 1 in Throwing
  1874 | D:3      | 1874 ||| Stepping ~*~*~tactically~*~*~ (outnumbered).
  1957 | D:3      | 1957 ||| UPGRADING to +0 cloak.
  1962 | D:3      | 1962 ||| DROPPING orb of light.
  1963 | D:3      | 1963 ||| READING scroll of enchant armour.
  1963 | D:3      | 1963 ||| ENCHANTING +0 cloak.
  1964 | D:3      | 1964 ||| READING scroll labelled BAOV IPAXUGE.
  1965 | D:3      | 1965 ||| DRINKING 2 brown potions.
  1966 | D:3      | 1966 ||| DROPPING potion of flight.
  1983 | D:4      | 1983 ||| STAIRDANCE
  1989 | D:3      | Reached XP level 6. HP: 59/59 MP: 6/6
  2004 | D:4      | 2004 ||| READING scroll of enchant armour.
  2004 | D:4      | 2004 ||| ENCHANTING +1 cloak.
  2012 | D:4      | Reached skill level 7 in Unarmed Combat
  2051 | D:4      | 2051 ||| Stepping ~*~*~tactically~*~*~ (outnumbered).
  2052 | D:4      | 2052 ||| Stepping ~*~*~tactically~*~*~ (outnumbered).
  2053 | D:4      | 2053 ||| Stepping ~*~*~tactically~*~*~ (outnumbered).
  2054 | D:4      | 2054 ||| Stepping ~*~*~tactically~*~*~ (outnumbered).
  2144 | D:4      | 2144 ||| Stepping ~*~*~tactically~*~*~ (outnumbered).
  2292 | D:4      | Reached XP level 7. HP: 66/66 MP: 7/7
  2327 | D:4      | Reached skill level 8 in Unarmed Combat
  2335 | D:4      | Found a runed translucent door.
  2335 | D:4      | Noticed qw's ghost (novice TeWr)
  2350 | D:4      | 2350 ||| Stepping ~*~*~tactically~*~*~ (hiding).
  2352 | D:4      | 2352 ||| Stepping ~*~*~tactically~*~*~ (hiding).
  2736 | D:4      | 2736 ||| READING scroll labelled QEKKOE YCUMMI.
  2737 | D:4      | 2737 ||| READING scroll labelled ANKUOS SYESTA.
  2738 | D:4      | 2738 ||| DRINKING 3 metallic sapphire potions.
  2739 | D:4      | 2739 ||| DRINKING 3 dark potions.
  2740 | D:4      | 2740 ||| DRINKING 2 green potions.
  2741 | D:4      | 2741 ||| DROPPING 2 potions of degeneration.
  2757 | D:5      | Entered Level 5 of the Dungeon
  2758 | D:5      | 2758 ||| PLANNING SEWER
  2818 | D:5      | Reached skill level 3 in Fighting
  2846 | D:5      | Found a snail-covered altar of Cheibriados.
  2848 | D:5      | 2848 ||| Stepping ~*~*~tactically~*~*~ (stealth).
  2850 | D:5      | 2850 ||| Stepping ~*~*~tactically~*~*~ (hiding).
  2968 | D:5      | Noticed a komodo dragon
  2978 | D:5      | 2978 ||| INVOKING Fiery Armour.
  2980 | D:5      | Killed a komodo dragon
  2981 | D:5      | Reached skill level 9 in Unarmed Combat
  2981 | D:5      | Reached XP level 8. HP: 32/75 MP: 8/8
  3104 | D:5      | 3104 ||| Stepping ~*~*~tactically~*~*~ (hiding).
  3291 | D:5      | Found Qorroth's Weapon Boutique.
  3356 | D:5      | 3356 ||| Stepping ~*~*~tactically~*~*~ (stealth).
  3379 | D:5      | Found a glowing drain.
  3383 | D:5      | 3383 ||| READING 2 scrolls of identify.
  3383 | D:5      | 3383 ||| IDENTIFYING sedimented pink potion
  3477 | D:5      | Found a staircase to the Ecumenical Temple.
  3665 | D:5      | 3665 ||| RIP SEWER
  3665 | D:5      | 3665 ||| PLANNING D:1-11
  3681 | D:6      | Reached skill level 1 in Dodging
  3681 | D:6      | 3681 ||| STAIRDANCE
  3740 | D:6      | Reached skill level 10 in Unarmed Combat
  3786 | D:6      | 3786 ||| Stepping ~*~*~tactically~*~*~ (hiding).
  3797 | D:6      | 3797 ||| FLEEEEING.
  4021 | D:6      | 4021 ||| Stepping ~*~*~tactically~*~*~ (hiding).
  4241 | D:6      | 4241 ||| Stepping ~*~*~tactically~*~*~ (stealth).
  4266 | D:6      | Identified the +6 whip "Quptie" {drain, +Blink Int+4 Dex-5}
  4524 | D:6      | 4524 ||| READING scroll labelled UBOUFU NAMUH.
  4649 | D:7      | 4649 ||| Stepping ~*~*~tactically~*~*~ (stealth).
  4665 | D:7      | Noticed a two-headed ogre
  4666 | D:7      | 4666 ||| Stepping ~*~*~tactically~*~*~ (stealth).
  4668 | D:7      | Reached skill level 11 in Unarmed Combat
  4678 | D:7      | 4678 ||| INVOKING Fiery Armour.
  4679 | D:7      | HP: 19/78 [two-headed ogre/+0 giant club (20)]
  4680 | D:7      | 4680 ||| READING 4 scrolls of teleportation.
  4680 | D:7      | HP: 5/78 [two-headed ogre/+0 giant club (6)]
  4680 | D:7      | Killed a two-headed ogre
  4681 | D:7      | Reached XP level 9. HP: 6/84 MP: 9/9
  4804 | D:7      | Identified the Directory of Damage Dealing
  4805 | D:7      | 4805 ||| INVOKING Fiery Armour.
  4806 | D:7      | 4806 ||| Stepping ~*~*~tactically~*~*~ (outnumbered).
  4807 | D:7      | 4807 ||| Stepping ~*~*~tactically~*~*~ (outnumbered).
  4823 | D:7      | Reached skill level 12 in Unarmed Combat
  4830 | D:7      | 4830 ||| Stepping ~*~*~tactically~*~*~ (outnumbered).
  4835 | D:7      | 4835 ||| Stepping ~*~*~tactically~*~*~ (outnumbered).
  4912 | D:7      | 4912 ||| Stepping ~*~*~tactically~*~*~ (stealth).
  5046 | D:7      | Found a blossoming altar of Fedhas.
  5224 | D:7      | 5224 ||| READING 2 scrolls of identify.
  5224 | D:7      | 5224 ||| IDENTIFYING lumpy black potion
  5225 | D:7      | 5225 ||| DROPPING potion of invisibility.
  5251 | D:8      | Found a hide-covered altar of Uskayaw.
  5254 | D:8      | Found a shimmering blue altar of Sif Muna.
  5261 | D:8      | Found a bloodstained altar of Trog.
  5475 | D:8      | Reached skill level 13 in Unarmed Combat
  5492 | D:8      | Noticed a two-headed ogre
  5499 | D:8      | 5499 ||| INVOKING Fiery Armour.
  5499 | D:8      | HP: 21/88 [two-headed ogre/+0 giant club (12)]
  5500 | D:8      | 5500 ||| READING 4 scrolls of teleportation.
  5501 | D:8      | 5501 ||| DRINKING potion of heal wounds.
  5502 | D:8      | Killed a two-headed ogre
  5503 | D:8      | Reached XP level 10. HP: 45/96 MP: 10/10
  5686 | D:8      | Noticed Grum
  5687 | D:8      | 5687 ||| INVOKING Fiery Armour.
  5702 | D:8      | Killed Grum
  6088 | D:8      | 6088 ||| Stepping ~*~*~tactically~*~*~ (hiding).
  6207 | D:8      | 6207 ||| READING scroll labelled FAPHISHR REKO.
  6208 | D:8      | 6208 ||| READING scroll labelled ACWOCV QIRRIAXT.
  6209 | D:8      | 6209 ||| READING scroll labelled VIOSTEURHAP.
  6254 | D:8      | 6254 ||| READING 3 scrolls of identify.
  6254 | D:8      | 6254 ||| IDENTIFYING fizzy clear potion
  6255 | D:8      | 6255 ||| DROPPING potion of lignification.
  6301 | D:9      | 6301 ||| FLEEEEING.
  6302 | D:9      | 6302 ||| FLEEEEING.
  6303 | D:9      | 6303 ||| STAIRDANCE
  6319 | D:9      | 6319 ||| INVOKING Fiery Armour.
  6320 | D:9      | 6320 ||| FLEEEEING.
  6321 | D:9      | 6321 ||| STAIRDANCE
  6341 | D:9      | 6341 ||| STAIRDANCE
  6349 | D:9      | 6349 ||| STAIRDANCE
  6354 | D:9      | 6354 ||| STAIRDANCE
  6360 | D:9      | 6360 ||| STAIRDANCE
  6365 | D:9      | 6365 ||| STAIRDANCE
  6373 | D:9      | 6373 ||| STAIRDANCE
  6388 | D:9      | 6388 ||| STAIRDANCE
  6394 | D:9      | 6394 ||| STAIRDANCE
  6411 | D:9      | 6411 ||| Stepping ~*~*~tactically~*~*~ (stealth).
  6420 | D:9      | Reached skill level 14 in Unarmed Combat
  6423 | D:9      | 6423 ||| FLEEEEING.
  6424 | D:9      | 6424 ||| FLEEEEING.
  6428 | D:9      | 6428 ||| FLEEEEING.
  6429 | D:9      | 6429 ||| FLEEEEING.
  6431 | D:9      | 6431 ||| STAIRDANCE
  6452 | D:9      | 6452 ||| FLEEEEING.
  6454 | D:9      | 6454 ||| STAIRDANCE
  6471 | D:9      | 6471 ||| INVOKING Fiery Armour.
  6480 | D:9      | HP: 17/96 [electric eel/bolt of electricity (9)]
  6481 | D:9      | 6481 ||| READING 3 scrolls of teleportation.
  6481 | D:9      | HP: 8/96 [electric eel/bolt of electricity (10)]
  6484 | D:9      | Killed from afar by an electric eel

Levels and vault maps discovered:
D:1:      dpeg_arrival_windows_large_door, layout_loops_ring,
          shapermc_ecumenical_altar_notcrosses, serial_shops, nicolae_shop_trees
D:2:      layout_rooms, basic_altar, palyth_stone_intersect,
          minmay_heptomino_l4, uniq_jessica
D:3:      layout_rooms, st_stairs_2, kennysheep_cross_room,
          roderic_nine_men_s_morris, goddamned_bats
D:4:      layout_cave_pools, gammafunk_ghost_grave, dk_noncrumbling_3,
          grunt_decor_fettered, minmay_mini_jars
D:5:      layout_basic, mainiacjoe_overflow_paths, temple_green, serial_shops,
          nicolae_stop_n_shop_1, portal_sewer_entry_e
D:6:      layout_basic
D:7:      layout_rooms, lemuel_round_altar, minmay_nine_imps
D:8:      layout_loops_corners, grunt_temple_overflow_open, uniq_grum
D:9:      minmay_klotski, layout_loops_ring, erik_lair_island, uniq_maggie,
          uniq_prince_ribbit1

Skill      XL: |  1  2  3  4  5  6  7  8  9 10 |
---------------+-------------------------------+-----
Unarmed Combat | 4 5 6 7 9 11 13 14 | 14.0
Throwing       | 1 |  1.1
Fighting       | 3 4 5 |  5.0
Dodging        | 1 |  1.5
Armour         | 2 |  2.9
Spellcasting   | |  1.0
Fire Magic     | |  2.1

Action                   |  1- 3 |  4- 6 |  7- 9 | 10-12 || total
-------------------------+-------+-------+-------+-------++-------
Melee: Unarmed           |    84 |   187 |   272 |    52 ||   595
       Punch             |       |     4 |     9 |     5 ||    18
Throw: Boomerang         |       |    70 |    39 |       ||   109
Invok: Fiery Armour      |       |       |     4 |     3 ||     7
  Use: Scroll            |     4 |     7 |     7 |     5 ||    23
       Potion            |     1 |     2 |     4 |       ||     7
Armor: Robe              |    30 |    97 |    93 |    25 ||   245
Dodge: Dodged            |    32 |   130 |   117 |    36 ||   315

Table legend:
 A = Non-vault XP
 B = Vault XP
 C = Vault XP percentage of total XP
 D = Non-vault monster count
 E = Vault monster count
 F = Vault count percentage of total count
                 A         B        C        D         E       F
            +---------+---------+-------+---------+---------+-------
      Total |    5769 |    1968 |  25.4 |     151 |      64 |  29.8
            +---------+---------+-------+---------+---------+-------
        D:1 |      47 |       0 |   0.0 |      29 |       0 |   0.0
        D:2 |      33 |      59 |  64.1 |      11 |       5 |  31.2
        D:3 |     133 |     190 |  58.8 |      19 |      22 |  53.7
        D:4 |     324 |     111 |  25.5 |      23 |      10 |  30.3
        D:5 |     806 |      26 |   3.1 |      14 |       8 |  36.4
        D:6 |     931 |       0 |   0.0 |      19 |       0 |   0.0
        D:7 |    1418 |     397 |  21.9 |      14 |       9 |  39.1
        D:8 |    2024 |     979 |  32.6 |      19 |       7 |  26.9
        D:9 |      53 |     206 |  79.5 |       3 |       3 |  50.0
            +---------+---------+-------+---------+---------+-------
